 Dungeon Crawl Stone Soup version 0.22-a0-348-gd16d139 (webtiles) character file.

235875 xccam the Fencer (level 19, -9/147 HPs)
             Began as a Gnoll Wanderer on Apr 8, 2018.
             Was a High Priest of Cheibriados.
             Shot with a bolt by a yaktaur captain (22 damage)
             ... on level 1 of the Vaults.
             The game lasted 01:53:52 (30463 turns).

xccam the Fencer (Gnoll Wanderer)                  Turns: 30463, Time: 01:53:53

Health: -9/147     AC: 33    Str: 33    XL:     19   Next: 19%
Magic:  16/35      EV: 17    Int: 28    God:    Cheibriados [*****.]
Gold:   3031       SH:  9    Dex: 30    Spells: 42/42 levels left

rFire    + . .     SeeInvis +   W - +8 broad axe (flame)
rCold    + + +     Gourm    .   w - +0 buckler
rNeg     . . .     Faith    .   R - +0 crystal plate armour
rPois    +         Spirit   .   I - +2 helmet
rElec    .         Reflect  .   X - +2 cloak {rF+}
rCorr    .         Harm     .   Z - +1 pair of gloves
MR       +....                  t - +0 pair of boots
Stlth    ..........             l - amulet of regeneration
HPRegen  0.74/turn              U - ring "Ragriarch" {Wiz +Fly rPois rC+++ Slay-4}
MPRegen  0.24/turn              i - ring of see invisible

@: marked, drained, very slow
A: distributed training, fangs 1, strong nose
}: 2/15 runes: decaying, gossamer
a: Bend Time, Temporal Distortion, Slouch, Step From Time, Renounce Religion,
Evoke Flight


You were on level 1 of the Vaults.
You worshipped Cheibriados.
Cheibriados was extremely pleased with you.
You were not hungry.

You visited 7 branches of the dungeon, and saw 33 of its levels.
You visited the Abyss 1 time.
You also visited: Ice Cave and Volcano.

You collected 3421 gold pieces.
You spent 390 gold pieces at shops.

Inventory:

Hand Weapons
 G - a +0 hand crossbow of venom
 W - a +8 broad axe of flaming (weapon)
Missiles
 e - 43 bolts
 m - 58 tomahawks (quivered)
Armour
 p - a +0 large shield
 t - a +0 pair of boots (worn)
 w - a +0 buckler (worn)
 C - a +0 cloak of poison resistance
 I - a +2 helmet (worn)
 L - +0 fire dragon scales
 N - +2 storm dragon scales {Bai Suzhen}
 R - a +0 crystal plate armour (worn)
 X - a +2 cloak of fire resistance (worn)
 Z - a +1 pair of gloves (worn)
Jewellery
 i - a ring of see invisible (right hand)
 l - an amulet of regeneration (around neck)
 o - an uncursed ring of protection from magic
 P - an uncursed ring of protection from fire
 U - the ring "Ragriarch" (left hand) {Wiz +Fly rPois rC+++ Slay-4}
   (You found it on level 3 of the Lair of Beasts)

   [ring of wizardry]

   It improves your spell success rate.
   It affects your accuracy and damage with ranged weapons and melee attacks
   (-4).
   It renders you almost immune to cold.
   It protects you from poison.
   It lets you fly.
Wands
 j - a wand of iceblast (22)
 q - a wand of acid (13)
 r - a wand of polymorph (32)
 u - a wand of digging (34)
 y - a wand of flame (71)
 A - a wand of disintegration (18)
 F - a wand of paralysis (29)
 H - a wand of scattershot (2)
 O - a wand of enslavement (17)
 T - a wand of clouds (4)
Scrolls
 b - 10 scrolls of teleportation
 d - 7 scrolls of fog
 n - 4 scrolls of immolation
 v - 6 scrolls of magic mapping
 z - 2 scrolls of blinking
 B - a scroll of identify
 E - 14 scrolls of remove curse
 M - a scroll of brand weapon
 Q - 2 scrolls of silence
 S - 5 scrolls of enchant armour
 V - a scroll of fear
Potions
 a - 3 potions of might
 c - 19 potions of curing
 g - a potion of mutation
 h - 2 potions of flight
 k - 5 potions of cancellation
 s - 10 potions of heal wounds
 x - a potion of magic
 J - 3 potions of agility
Miscellaneous
 K - a phantom mirror
Comestibles
 f - 64 rations
 D - 4 chunks of flesh


   Skills:
 + Level 12.4 Fighting
 + Level 12.4 Short Blades
 + Level 15.4 Long Blades
 + Level 12.4 Axes
 + Level 12.4 Maces & Flails
 + Level 12.4 Polearms
 + Level 12.4 Staves
 + Level 12.4 Slings
 + Level 12.4 Bows
 + Level 13.8(13.7) Crossbows
 + Level 12.7(12.6) Throwing
 + Level 12.4 Armour
 + Level 12.4 Dodging
 + Level 12.4 Stealth
 + Level 12.4 Shields
 + Level 12.4 Unarmed Combat
 + Level 12.4 Spellcasting
 + Level 10.7(10.6) Conjurations
 + Level 10.7(10.6) Hexes
 + Level 10.7(10.6) Charms
 + Level 10.7(10.6) Summonings
 + Level 10.7(10.6) Necromancy
 + Level 10.7(10.6) Translocations
 + Level 10.7(10.6) Transmutations
 + Level 10.7(10.6) Fire Magic
 + Level 10.7(10.6) Ice Magic
 + Level 10.7(10.6) Air Magic
 + Level 10.7(10.6) Earth Magic
 + Level 10.7(10.6) Poison Magic
 + Level 13.4(13.3) Invocations
 + Level 12.7(12.6) Evocations


You had 42 spell levels left.
You didn't know any spells.

Dungeon Overview and Level Annotations

Branches:
Dungeon (15/15)            Temple (1/1) D:4            Lair (6/6) D:11
  Swamp (4/4) Lair:3       Spider (4/4) Lair:4        Slime (0/5) Lair:6
    Orc (2/2) D:9             Elf (0/3) Orc:2        Vaults (1/5) D:13
 Depths (0/5) D:15

Altars:
Ashenzari
Cheibriados
Dithmenos
Elyvilon
Fedhas
Gozag
Hepliaklqana
Kikubaaqudgha
Makhleb
Nemelex Xobeh
Okawaru
Qazlal
Ru
Sif Muna
Trog
Uskayaw
Vehumet
Xom
Yredelemnul
Zin
The Shining One
Jiyva

Shops:
Orc:2 ([=

Annotations:
Lair:6 1 runed door


Innate Abilities, Weirdness & Mutations

Your experience applies equally to all skills.
You have very sharp teeth.
Your uncanny sense of smell can sniff out nearby items.


Message History

You slash the yaktaur captain! You burn the yaktaur captain.
You bite the yaktaur captain, but do no damage.
The yaktaur captain is almost dead.
You slash the ironheart preserver! You burn the ironheart preserver.
The ironheart preserver closely misses you.
The yaktaur captain hits you but does no damage.
The deep elf annihilator points at you and mumbles some strange words.
The iron shot hits you!
* * * LOW HITPOINT WARNING * * *
The deep elf knight moves out of view.
You step out of the flow of time.
You return to the normal time flow.
You feel quite a bit more hungry.
Cheibriados lowers the support of your attributes as your movement quickens.
An ice dragon comes into view.
The ironheart preserver mumbles some strange words.
The ironheart preserver begins to accept its allies' injuries.
The deep elf knight gestures at you while chanting.
The shard of ice misses you.
The yaktaur captain wields an arbalest.
The yaktaur captain shoots a bolt.
The bolt hits you!!
You die...

########### .#
#.c.e.....#####e#
########.p......)÷.....#
.......#..De...)[# ....#
.....).#..e.....@#.....#
.......#.......))#∆....#
.......'.......([+....p.
.......#....(...)######.
.......###########
.......# .......#
########


You could see an ironheart preserver, an ice dragon, a yaktaur captain, a deep
elf annihilator, a deep elf knight and a deep elf mage.

Vanquished Creatures
  Bai Suzhen (Spider:3)
  Rupert (Lair:4)
  A tentacled starspawn (Abyss:2)
  Agnes (Spider:2)
  2 thorn hunters
  A deep elf sorcerer (Vaults:1)
  6 ghost moths
  An orc warlord (Orc:1)
  9 emperor scorpions
  A draconian shifter (Abyss:2)
  A vault warden (Vaults:1)
  A stone giant (Vaults:1)
  6 entropy weavers
  A deep elf demonologist (Vaults:1)
  A dire elephant (D:15)
  A spark wasp (Spider:2)
  2 ogre magi
  Josephine (Lair:5)
  An ice dragon (Lair:4)
  The ghost of Arum the Fighter, a journeyman DsGl of Okawaru (D:12)
  2 ghost crabs (Swamp:4)
  A vault guard (Vaults:1)
  18 hydras
  2 centaur warriors
  The ghost of barakagiga3 the Cudgeler, a novice TrBe of Trog (D:9)
  A queen ant (D:13)
  A catoblepas (Abyss:2)
  15 two-headed ogres
  13 alligators
  4 orc high priests (Orc:2)
  The ghost of Torax the Slicer, a journeyman VSWn of Uskayaw (D:11)
  Nergalle (Lair:2)
  8 skeletal warriors
  2 fire crabs (Abyss:2)
  A shambling mangrove (Swamp:4)
  5 spriggan druids
  4 unseen horrors
  8 swamp dragons
  2 ironbrand convokers (Vaults:1)
  2 lindwurms (Lair:6)
  A wizard (D:13)
  4 harpies (Vaults:1)
  16 orb spiders
  An oklob plant (Lair:6)
  2 orc knights
  A wolf spider zombie (D:15)
  A deep elf mage (D:12)
  27 wolf spiders
  3 moths of wrath
  5 ugly things (D:15)
  5 cyclopes
  2 orc sorcerers
  A manticore (D:13)
  A salamander (D:15)
  An ice statue (Abyss:2)
  5 elephants (Lair:5)
  6 black mambas (Lair:6)
  Joseph (D:9)
  16 spiny frogs
  5 torpor snails (Lair:6)
  A guardian serpent (Lair:6)
  A vault sentinel (Vaults:1)
  4 rime drakes
  7 demonic crawlers
  A gargoyle (D:13)
  8 komodo dragons
  5 polar bears
  15 tyrant leeches
  23 jumping spiders
  A hornet (shapeshifter) (D:15)
  22 hornets
  9 trolls
  5 hippogriffs
  4 bog bodies
  10 dream sheep (Lair:6)
  10 blink frogs
  35 slime creatures
  A stone giant simulacrum (Vaults:1)
  A centaur simulacrum (D:12)
  23 tarantellas
  52 redbacks
  11 spriggans
  18 wyverns
  A vampire (D:12)
  59 yaks
  2 shadows
  Sigmund (D:3)
  3 wraiths (Lair:5)
  6 basilisks
  7 fire bats
  2 large abominations (Abyss:2)
  A steam dragon (D:9)
  20 vampire mosquitoes
  18 swamp worms
  The ghost of barakagiga3 the Firebug, an amateur DsFE of Sif Muna (D:3)
  17 insubstantial wisps
  18 soldier ants (D:13)
  3 acid dragons
  7 wargs
  16 water moccasins
  Purgy (D:4)
  4 porcupines
  3 sky beasts
  17 swamp drakes
  3 black bears
  A hornet zombie (D:12)
  28 orc warriors
  4 ice beasts
  4 phantoms
  2 necrophages
  4 boggarts (Lair:6)
  A small abomination (Abyss:2)
  11 ogres
  12 centaurs
  28 wolves
  9 crocodiles
  2 big kobolds
  A gnoll sergeant (D:7)
  22 bullfrogs
  A water moccasin zombie (D:4)
  6 scorpions
  A wyvern skeleton (D:9)
  12 wights
  9 howler monkeys
  8 electric eels
  4 bullfrog zombies
  A crimson imp (D:12)
  10 centaur zombies
  A quasit (D:5)
  7 hounds
  7 jellies
  A gnoll shaman (D:8)
  30 orc priests
  25 orc wizards
  4 bullfrog skeletons
  7 centaur skeletons
  Ijyb (D:3)
  2 iguanas
  2 hell rats (Lair:1)
  34 worker ants
  A bullfrog simulacrum (D:12)
  A hound zombie (D:7)
  A howler monkey zombie (D:10)
  A worker ant zombie (D:4)
  14 adders
  10 gnolls
  5 river rats (Lair:1)
  7 shadow imps
  5 white imps
  An ufetubus (D:12)
  An ooze (D:5)
  3 adder zombies
  3 adder skeletons
  7 worms
  2 dart slugs
  6 leopard geckos
  71 orcs
  3 ball pythons
  7 bats
  7 giant cockroaches
  7 goblins
  6 hobgoblins
  11 jackals
  10 quokkas
  4 frilled lizards
  A giant cockroach zombie (D:4)
  16 kobolds
  A leopard gecko zombie (D:4)
  A quokka skeleton (D:7)
  A quokka zombie (D:4)
  12 rats
  3 briar patches (Swamp:2)
  A bush (Lair:6)
  4 fungi
  4 plants
  A starspawn tentacle (Abyss:2)
1254 creatures vanquished.

Vanquished Creatures (others)
  A two-headed ogre (Volcano)
  A yak (IceCv)
  A large abomination (Abyss:2)
  A swamp drake (Swamp:3)
  2 wolves (IceCv)
  An orc wizard (D:8)
  A quokka (D:8)
  A bush (Lair:6)
  29 fungi
  62 plants
  6 starspawn tentacles (Abyss:2)
106 creatures vanquished.

Grand Total: 1360 creatures vanquished

Notes
Turn   | Place    | Note
-------+----------+-------------------------------------------
     0 | D:1      | Reached skill level 10 in Long Blades
     0 | D:1      | xccam the Gnoll Wanderer began the quest for the Orb.
     0 | D:1      | xccam set off with: a +2 falchion, a scroll of teleportation, a potion of curing, a +0 robe, a ration
     0 | D:1      | Reached XP level 1. HP: 13/13 MP: 2/2
   135 | D:1      | Reached XP level 2. HP: 11/19 MP: 3/3
   570 | D:1      | Reached XP level 3. HP: 25/25 MP: 4/4
   753 | D:2      | Reached skill level 1 in Invocations
   763 | D:2      | Reached skill level 1 in Fighting
   763 | D:2      | Reached skill level 1 in Short Blades
   763 | D:2      | Reached skill level 1 in Axes
   763 | D:2      | Reached skill level 1 in Maces & Flails
   763 | D:2      | Reached skill level 1 in Polearms
   763 | D:2      | Reached skill level 1 in Staves
   763 | D:2      | Reached skill level 1 in Slings
   763 | D:2      | Reached skill level 1 in Bows
   763 | D:2      | Reached skill level 1 in Armour
   763 | D:2      | Reached skill level 1 in Dodging
   763 | D:2      | Reached skill level 1 in Stealth
   763 | D:2      | Reached skill level 1 in Shields
   763 | D:2      | Reached skill level 1 in Unarmed Combat
   763 | D:2      | Reached skill level 1 in Spellcasting
   773 | D:2      | Reached XP level 4. HP: 30/32 MP: 4/6
  1157 | D:3      | Found an iron altar of Okawaru.
  1375 | D:3      | Noticed Sigmund
  1397 | D:3      | Killed Sigmund
  1397 | D:3      | Reached skill level 1 in Conjurations
  1397 | D:3      | Reached skill level 1 in Hexes
  1397 | D:3      | Reached skill level 1 in Charms
  1397 | D:3      | Reached skill level 1 in Summonings
  1397 | D:3      | Reached skill level 1 in Necromancy
  1397 | D:3      | Reached skill level 1 in Translocations
  1397 | D:3      | Reached skill level 1 in Transmutations
  1397 | D:3      | Reached skill level 1 in Fire Magic
  1397 | D:3      | Reached skill level 1 in Ice Magic
  1397 | D:3      | Reached skill level 1 in Air Magic
  1397 | D:3      | Reached skill level 1 in Earth Magic
  1397 | D:3      | Reached skill level 1 in Poison Magic
  1397 | D:3      | Reached XP level 5. HP: 23/38 MP: 7/7
  1397 | D:3      | Reached XP level 6. HP: 27/44 MP: 8/8
  1494 | D:3      | Noticed barakagiga3's ghost (amateur DsFE)
  1521 | D:3      | Killed barakagiga3's ghost
  1776 | D:3      | Noticed Ijyb
  1791 | D:3      | Killed Ijyb
  2204 | D:4      | Reached XP level 7. HP: 50/50 MP: 10/10
  2375 | D:4      | Found a staircase to the Ecumenical Temple.
  2420 | Temple   | Entered the Ecumenical Temple
  2446 | Temple   | Became a worshipper of Cheibriados the Contemplative
  2527 | D:4      | Found a sacrificial altar of Ru.
  2614 | D:4      | Noticed Purgy
  2629 | D:4      | Killed Purgy
  2724 | D:4      | Reached XP level 8. HP: 54/57 MP: 12/12
  3104 | D:5      | Entered Level 5 of the Dungeon
  3147 | D:5      | Reached * piety under Cheibriados
  3520 | D:5      | Reached ** piety under Cheibriados
  3564 | D:5      | Reached skill level 11 in Long Blades
  3564 | D:5      | Reached XP level 9. HP: 44/65 MP: 14/14
  4382 | D:7      | Found a stormy altar of Qazlal.
  4423 | D:7      | Found a shadowy altar of Dithmenos.
  4488 | D:7      | Reached skill level 5 in Throwing
  4488 | D:7      | Reached skill level 5 in Evocations
  4606 | D:7      | Reached *** piety under Cheibriados
  4734 | D:7      | Found a snail-covered altar of Cheibriados.
  4740 | D:7      | Found a glowing golden altar of the Shining One.
  4740 | D:7      | Found an opulent altar of Gozag.
  4765 | D:7      | Found a radiant altar of Vehumet.
  4765 | D:7      | Found a shimmering altar of Xom.
  4765 | D:7      | Found a shimmering altar of Xom.
  4855 | D:7      | Reached skill level 5 in Invocations
  5144 | D:8      | Found an ancient bone altar of Kikubaaqudgha.
  5199 | D:8      | Reached XP level 10. HP: 72/73 MP: 17/17
  5233 | D:8      | Found an opulent altar of Gozag.
  5263 | D:8      | Reached **** piety under Cheibriados
  5373 | D:8      | Found a white marble altar of Elyvilon.
  5413 | D:8      | Reached skill level 5 in Fighting
  5413 | D:8      | Reached skill level 5 in Short Blades
  5413 | D:8      | Reached skill level 5 in Axes
  5413 | D:8      | Reached skill level 5 in Maces & Flails
  5413 | D:8      | Reached skill level 5 in Polearms
  5413 | D:8      | Reached skill level 5 in Staves
  5413 | D:8      | Reached skill level 5 in Slings
  5413 | D:8      | Reached skill level 5 in Bows
  5413 | D:8      | Reached skill level 5 in Armour
  5413 | D:8      | Reached skill level 5 in Dodging
  5413 | D:8      | Reached skill level 5 in Stealth
  5413 | D:8      | Reached skill level 5 in Shields
  5413 | D:8      | Reached skill level 5 in Unarmed Combat
  5413 | D:8      | Reached skill level 5 in Spellcasting
  5929 | D:8      | Found a deep blue altar of Sif Muna.
  5986 | D:9      | Noticed barakagiga3's ghost (novice TrBe)
  6000 | D:9      | Killed barakagiga3's ghost
  6019 | D:9      | Noticed Joseph
  6036 | D:9      | Killed Joseph
  6171 | D:9      | Reached ***** piety under Cheibriados
  6378 | D:9      | Reached XP level 11. HP: 62/81 MP: 19/19
  6464 | D:9      | Found a staircase to the Orcish Mines.
  7064 | D:10     | Entered Level 10 of the Dungeon
  7409 | D:10     | Reached skill level 5 in Conjurations
  7409 | D:10     | Reached skill level 5 in Hexes
  7409 | D:10     | Reached skill level 5 in Charms
  7409 | D:10     | Reached skill level 5 in Summonings
  7409 | D:10     | Reached skill level 5 in Necromancy
  7409 | D:10     | Reached skill level 5 in Translocations
  7409 | D:10     | Reached skill level 5 in Transmutations
  7409 | D:10     | Reached skill level 5 in Fire Magic
  7409 | D:10     | Reached skill level 5 in Ice Magic
  7409 | D:10     | Reached skill level 5 in Air Magic
  7409 | D:10     | Reached skill level 5 in Earth Magic
  7409 | D:10     | Reached skill level 5 in Poison Magic
  7849 | D:11     | Found a staircase to the Lair.
  7881 | D:11     | Noticed Torax's ghost (journeyman VSWn)
  7886 | D:11     | Killed Torax's ghost
  7925 | D:11     | Noticed a two-headed ogre
  7932 | D:11     | Killed a two-headed ogre
  7932 | D:11     | Reached skill level 12 in Long Blades
  8079 | D:11     | Noticed a skeletal warrior
  8079 | D:11     | Noticed a skeletal warrior
  8080 | D:11     | Noticed a skeletal warrior
  8082 | D:11     | Noticed a skeletal warrior
  8385 | D:11     | Noticed a cyclops
  8401 | D:11     | Killed a cyclops
  8420 | D:11     | Noticed a cyclops
  8441 | D:11     | Killed a cyclops
  8669 | Lair:1   | Entered Level 1 of the Lair of Beasts
  8703 | Lair:1   | Found a frozen archway.
  8726 | Lair:1   | Reached XP level 12. HP: 86/89 MP: 22/22
  8735 | IceCv    | Entered an ice cave
  9031 | Lair:1   | Found a dark tunnel.
  9040 | Volcano  | Entered a volcano
  9047 | Volcano  | Noticed a two-headed ogre
  9048 | Volcano  | Noticed a two-headed ogre
  9050 | Volcano  | Noticed a two-headed ogre
  9052 | Volcano  | Killed a two-headed ogre
  9061 | Volcano  | Killed a two-headed ogre
  9063 | Volcano  | Killed a two-headed ogre
  9124 | Volcano  | Killed a two-headed ogre
 10195 | Lair:2   | Reached skill level 10 in Crossbows
 10511 | Lair:2   | Noticed Nergalle
 10523 | Lair:2   | Killed Nergalle
 10777 | Lair:3   | Found a staircase to the Swamp.
 10946 | Lair:3   | Reached ****** piety under Cheibriados
 10992 | Lair:3   | Reached XP level 13. HP: 81/98 MP: 24/24
 11140 | Lair:3   | Got a steaming jade ring
 11142 | Lair:3   | Identified the ring "Ragriarch" {Wiz +Fly rPois rC+++ Slay-4} (You found it on level 3 of the Lair of Beasts)
 11909 | Lair:4   | Found a hole to the Spider Nest.
 12309 | Lair:4   | Noticed an ice dragon
 12630 | Lair:4   | Noticed Rupert
 12666 | Lair:4   | Killed Rupert
 12717 | Lair:4   | Killed an ice dragon
 12986 | Lair:5   | Noticed Josephine
 13005 | Lair:5   | Killed Josephine
 13217 | Lair:5   | Reached skill level 13 in Long Blades
 13407 | Lair:6   | Entered Level 6 of the Lair of Beasts
 13443 | Lair:6   | Paralysed by a hornet for 1 turns
 13483 | Lair:6   | Reached XP level 14. HP: 100/106 MP: 26/26
 13541 | Lair:6   | Identified 2 scrolls of acquirement
 13819 | Lair:6   | Found a runed door.
 14114 | Lair:6   | Found a viscous altar of Jiyva.
 14114 | Lair:6   | Found a staircase to the Slime Pits.
 14420 | Lair:6   | Got a steaming war axe
 14421 | Lair:6   | Identified the +7 war axe of Peybrep {chop, rPois} (You found it on level 6 of the Lair of Beasts)
 14448 | Lair:6   | Reached skill level 10 in Invocations
 15451 | D:12     | Reached XP level 15. HP: 109/114 MP: 28/28
 15672 | D:12     | Reached skill level 10 in Throwing
 15672 | D:12     | Reached skill level 10 in Evocations
 15965 | D:12     | Noticed Arum's ghost (journeyman DsGl)
 15975 | D:12     | Killed Arum's ghost
 16218 | D:13     | Reached skill level 10 in Fighting
 16218 | D:13     | Reached skill level 10 in Short Blades
 16218 | D:13     | Reached skill level 10 in Axes
 16218 | D:13     | Reached skill level 10 in Maces & Flails
 16218 | D:13     | Reached skill level 10 in Polearms
 16218 | D:13     | Reached skill level 10 in Staves
 16218 | D:13     | Reached skill level 10 in Slings
 16218 | D:13     | Reached skill level 10 in Bows
 16218 | D:13     | Reached skill level 10 in Armour
 16218 | D:13     | Reached skill level 10 in Dodging
 16218 | D:13     | Reached skill level 10 in Stealth
 16218 | D:13     | Reached skill level 10 in Shields
 16218 | D:13     | Reached skill level 10 in Unarmed Combat
 16218 | D:13     | Reached skill level 10 in Spellcasting
 16445 | D:13     | Found a gate to the Vaults.
 16976 | D:14     | Found a glowing golden altar of the Shining One.
 17665 | D:15     | Entered Level 15 of the Dungeon
 17723 | D:15     | Reached skill level 14 in Long Blades
 17840 | D:15     | Reached XP level 16. HP: 122/122 MP: 30/30
 18131 | D:15     | Found a staircase to the Depths.
 18534 | Swamp:1  | Entered Level 1 of the Swamp
 19689 | Swamp:2  | Noticed a thorn hunter
 19700 | Swamp:2  | Killed a thorn hunter
 19995 | Swamp:2  | Found a shimmering altar of Xom.
 21076 | Spider:1 | Entered Level 1 of the Spider Nest
 21543 | Spider:1 | Reached XP level 17. HP: 121/131 MP: 32/32
 22102 | Orc:1    | Entered Level 1 of the Orcish Mines
 22532 | Orc:2    | Entered Level 2 of the Orcish Mines
 23135 | Orc:2    | Paralysed by an orc sorcerer for 6 turns
 23336 | Orc:2    | Found a staircase to the Elven Halls.
 23426 | Orc:2    | Found Fatac's Weapon Shoppe.
 23426 | Orc:2    | Found Xuppei Geid's Jewellery Emporium.
 23426 | Orc:2    | Found Gen Koacsui's Antique Armour Emporium.
 23429 | Orc:2    | Found Ycaotiar's Book Shoppe.
 23763 | Orc:2    | Bought a pair of glowing gloves for 150 gold pieces
 24181 | Spider:2 | Noticed Agnes
 24190 | Spider:2 | Killed Agnes
 24924 | Orc:2    | Bought an uncursed ring of see invisible for 240 gold pieces
 25352 | Spider:3 | Noticed Bai Suzhen
 25376 | Spider:3 | Killed Bai Suzhen
 26804 | Swamp:4  | Entered Level 4 of the Swamp
 27005 | Swamp:4  | Reached skill level 10 in Conjurations
 27005 | Swamp:4  | Reached skill level 10 in Hexes
 27005 | Swamp:4  | Reached skill level 10 in Charms
 27005 | Swamp:4  | Reached skill level 10 in Summonings
 27005 | Swamp:4  | Reached skill level 10 in Necromancy
 27005 | Swamp:4  | Reached skill level 10 in Translocations
 27005 | Swamp:4  | Reached skill level 10 in Transmutations
 27005 | Swamp:4  | Reached skill level 10 in Fire Magic
 27005 | Swamp:4  | Reached skill level 10 in Ice Magic
 27005 | Swamp:4  | Reached skill level 10 in Air Magic
 27005 | Swamp:4  | Reached skill level 10 in Earth Magic
 27005 | Swamp:4  | Reached skill level 10 in Poison Magic
 27227 | Swamp:4  | Reached XP level 18. HP: 136/139 MP: 33/33
 27380 | Swamp:4  | Reached skill level 15 in Long Blades
 27484 | Swamp:4  | Got a decaying rune of Zot
 28144 | Spider:4 | Entered Level 4 of the Spider Nest
 29608 | Spider:4 | Got a gossamer rune of Zot
 30104 | Vaults:1 | Entered Level 1 of the Vaults
 30198 | Vaults:1 | Cast into level 2 of the Abyss (a deep elf sorcerer)
 30280 | Abyss:2  | Reached XP level 19. HP: 123/147 MP: 35/35
 30387 | Abyss:2  | Noticed a bone dragon
 30388 | Vaults:1 | Escaped the Abyss
 30463 | Vaults:1 | Shot with a bolt by a yaktaur captain

Vault maps used:
D:1:      minmay_arrival_loop
D:3:      okawaru_trees_2, uniq_sigmund, uniq_ijyb
D:4:      old_standard_altar, temple_pool_b, serial_undead, serial_undead_d,
          serial_undead_b, serial_undead_d, serial_undead_c, serial_undead_e,
          serial_undead_f, minivault_14, uniq_purgy
D:5:      cheibrodos_barr_body, first_ration, minmay_bent
D:7:      lemuel_doored_altar, grunt_dithmenos_shadows, doesnt_xom_only_xom
D:8:      kiku_gazebo_pond_becter,
          nicolae_gozag_cash_rules_everything_around_me, elyvilon_altar_4,
          marbit_many_paths
D:9:      orc_0_dummy, uniq_joseph
D:10:     the_bakery
D:11:     erik_lair_orcish_takeover, minivault_1
D:12:     serial_ice, serial_ice_c, serial_ice_a, serial_ice_i, serial_ice_o,
          serial_ice_g
D:13:     david_vaults_4, spider_trap, minivault_25,
          kennysheep_decorative_pillar, zaba_anthell
D:14:     basic_altar
D:15:     hangedman_depths_entry_try_elsewhere_first
Temple:   eino_temple_lava
Lair:1:   portal_ice_cave_entry_pillars_2, nicolae_volcano_entry_hallway,
          kennysheep_abandoned_house
Lair:2:   uniq_nergalle
Lair:3:   minmay_swamp_entry_worms, serial_bayou_crossing, serial_bayou_shore_a
Lair:4:   nicolae_spider_entry_non_spiders, bobbens_ice_dragon_lair,
          lemuel_fruit_tree, uniq_rupert
Lair:5:   infiniplex_staircase_pool_2, grunt_megastairs_3, uniq_josephine
Lair:6:   hangedman_lair_tendril_chambers, wormcave, slime_altar_1,
          minmay_lair_oklob_items, kilobyte_rumbling_trees
Swamp:1:  hangedman_swamp_cone, swamp_pool5, nicolae_swamp_spriggan_camp
Swamp:2:  basic_altar, swamp_pool2
Swamp:3:  infiniplex_staircase_pool, swamp_pool2
Swamp:4:  swamp, swamp_pool4
Spider:2: uniq_agnes
Spider:3: uniq_bai_suzhen
Spider:4: grunt_spider_rune_circles
Orc:2:    st_orc_mages
Vaults:1: v_misc_32, hangedman_vaults_stitches, hangedman_vaults_unwind,
          vaults_mumra_minichess, hangedman_vaults_corner,
          nicolae_vaults_little_squares_3, vaults_mumra_hexcomb, v_misc_17,
          nicolae_vaults_little_squares_2, st_check,
          nicolae_vaults_little_squares_2
Abyss:2:  grunt_abyss_exit_deep_breaths
IceCv:    ice_cave_caverns_02
Volcano:  volcano_village

Skill      XL: |  1  2  3  4  5  6  7  8  9 10 11 12 13 14 15 16 17 18 |
---------------+-------------------------------------------------------+-----
Long Blades    | 11 12 13 14 15 | 15.4
Invocations    | 1 2 3 4 5 6 7 8 9 10 11 12 13 | 13.4
Fighting       | 1 2 3 4 5 6 7 8 9 10 11 12 | 12.4
Short Blades   | 1 2 3 4 5 6 7 8 9 10 11 12 | 12.4
Axes           | 1 2 3 4 5 6 7 8 9 10 11 12 | 12.4
Maces & Flails | 1 2 3 4 5 6 7 8 9 10 11 12 | 12.4
Polearms       | 1 2 3 4 5 6 7 8 9 10 11 12 | 12.4
Staves         | 1 2 3 4 5 6 7 8 9 10 11 12 | 12.4
Slings         | 1 2 3 4 5 6 7 8 9 10 11 12 | 12.4
Bows           | 1 2 3 4 5 6 7 8 9 10 11 12 | 12.4
Armour         | 1 2 3 4 5 6 7 8 9 10 11 12 | 12.4
Dodging        | 1 2 3 4 5 6 7 8 9 10 11 12 | 12.4
Stealth        | 1 2 3 4 5 6 7 8 9 10 11 12 | 12.4
Shields        | 1 2 3 4 5 6 7 8 9 10 11 12 | 12.4
Unarmed Combat | 1 2 3 4 5 6 7 8 9 10 11 12 | 12.4
Spellcasting   | 1 2 3 4 5 6 7 8 9 10 11 12 | 12.4
Throwing       | 3 4 5 6 7 8 9 10 11 12 | 12.7
Conjurations   | 1 2 3 4 5 6 7 8 9 10 | 10.7
Hexes          | 1 2 3 4 5 6 7 8 9 10 | 10.7
Charms         | 1 2 3 4 5 6 7 8 9 10 | 10.7
Summonings     | 1 2 3 4 5 6 7 8 9 10 | 10.7
Necromancy     | 1 2 3 4 5 6 7 8 9 10 | 10.7
Translocations | 1 2 3 4 5 6 7 8 9 10 | 10.7
Transmutations | 1 2 3 4 5 6 7 8 9 10 | 10.7
Fire Magic     | 1 2 3 4 5 6 7 8 9 10 | 10.7
Ice Magic      | 1 2 3 4 5 6 7 8 9 10 | 10.7
Air Magic      | 1 2 3 4 5 6 7 8 9 10 | 10.7
Earth Magic    | 1 2 3 4 5 6 7 8 9 10 | 10.7
Poison Magic   | 1 2 3 4 5 6 7 8 9 10 | 10.7
Evocations     | 3 4 5 6 7 8 9 10 11 12 | 12.7
Crossbows      | 7 8 9 10 11 12 13 | 13.8

Action                   |  1- 3 |  4- 6 |  7- 9 | 10-12 | 13-15 | 16-18 | 19-21 || total
-------------------------+-------+-------+-------+-------+-------+-------+-------++-------
Melee: Falchion          |    86 |   128 |   540 |   229 |       |       |       ||   983
       Bite              |     9 |     9 |    87 |   215 |   330 |   330 |    15 ||   995
       Punch             |       |     4 |     1 |       |       |       |       ||     5
       Long sword        |       |       |       |   467 |   674 |       |       ||  1141
       Broad axe         |       |       |       |    14 |     4 |  1418 |    66 ||  1502
       War axe           |       |       |       |       |   540 |    17 |       ||   557
 Fire: Hunting sling     |       |       |       |    61 |    55 |       |       ||   116
       Hand crossbow     |       |       |       |       |    95 |    78 |       ||   173
Throw: Tomahawk          |       |       |       |       |       |     7 |       ||     7
Invok: Slouch            |       |       |       |     2 |     7 |    17 |     2 ||    28
       Step From Time    |       |       |       |     2 |       |       |     1 ||     3
       Temporal Distorti |       |       |       |       |       |     2 |       ||     2
Evoke: Wand              |       |       |       |    25 |    17 |    12 |       ||    54
  Use: Scroll            |     2 |     3 |     7 |    11 |    17 |    11 |       ||    51
       Potion            |       |     1 |     1 |     5 |     3 |     2 |       ||    12
 Stab: Paralysed         |       |       |       |     9 |       |       |       ||     9
       Sleeping          |       |       |       |       |       |     1 |       ||     1
       Confused          |       |       |       |       |       |     2 |       ||     2
       Petrified         |       |       |       |       |       |       |     6 ||     6
       Petrifying        |       |       |       |       |       |       |     1 ||     1
  Eat: Chunk             |       |     4 |     5 |     4 |    11 |    16 |       ||    40
       Ration            |       |       |     1 |     3 |     1 |     4 |       ||     9
Armor: Ring mail         |    31 |    24 |     2 |       |       |       |       ||    57
       Robe              |     1 |       |       |       |       |       |       ||     1
       Chain mail        |       |       |   218 |       |       |       |       ||   218
       Plate armour      |       |       |     3 |   284 |    53 |       |       ||   340
       Crystal plate arm |       |       |       |       |   401 |   974 |    44 ||  1419
       Storm dragon scal |       |       |       |       |       |    51 |       ||    51
Dodge: Dodged            |    49 |    53 |   182 |   316 |   858 |  1631 |    46 ||  3135
Block: Buckler           |       |       |    66 |   211 |   476 |   964 |    38 ||  1755
       Rpst.: Falchion   |    15 |    20 |    49 |    11 |       |       |       ||    95
       Long sword        |       |       |       |    69 |   108 |       |       ||   177

Table legend:
 A = Spawn XP
 B = Non-spawn XP
 C = Spawn XP percentage of total XP
 D = Spawn monster count
 E = Non-spawn monster count
 F = Spawn count percentage of total count
 G = Total turns spent on level
                    A         B        C        D         E        F      G
               +---------+---------+-------+---------+---------+-------+---------
         Total |     406 |  331783 |   0.1 |       3 |    1241 |   0.2 | 30463
               +---------+---------+-------+---------+---------+-------+---------
           D:1 |       0 |      37 |   0.0 |       0 |      20 |   0.0 |   728
           D:2 |       0 |      62 |   0.0 |       0 |      24 |   0.0 |   429
           D:3 |       0 |     513 |   0.0 |       0 |      31 |   0.0 |  1038
           D:4 |       0 |     934 |   0.0 |       0 |      25 |   0.0 |   871
           D:5 |       0 |     973 |   0.0 |       0 |      26 |   0.0 |   662
           D:6 |       0 |     356 |   0.0 |       0 |      12 |   0.0 |   549
           D:7 |       0 |    1397 |   0.0 |       0 |      30 |   0.0 |   794
           D:8 |       0 |    1936 |   0.0 |       0 |      49 |   0.0 |   976
           D:9 |       0 |    3876 |   0.0 |       0 |      23 |   0.0 |  1099
          D:10 |       0 |    2624 |   0.0 |       0 |      25 |   0.0 |   867
          D:11 |       0 |    8619 |   0.0 |       0 |      33 |   0.0 |  1061
          D:12 |       0 |   19605 |   0.0 |       0 |      69 |   0.0 |   811
          D:13 |       0 |   16625 |   0.0 |       0 |      83 |   0.0 |   938
          D:14 |       0 |    6349 |   0.0 |       0 |      27 |   0.0 |   705
          D:15 |       0 |   12812 |   0.0 |       0 |      33 |   0.0 |   717
        Lair:1 |       0 |    3590 |   0.0 |       0 |      32 |   0.0 |   933
        Lair:2 |       0 |    2927 |   0.0 |       0 |      12 |   0.0 |   920
        Lair:3 |       0 |    4437 |   0.0 |       0 |      28 |   0.0 |  1161
        Lair:4 |       0 |   10870 |   0.0 |       0 |      39 |   0.0 |  1289
        Lair:5 |       0 |    6950 |   0.0 |       0 |      22 |   0.0 |   587
        Lair:6 |       0 |   28428 |   0.0 |       0 |     105 |   0.0 |  1674
       Swamp:1 |       0 |    8648 |   0.0 |       0 |      31 |   0.0 |   924
       Swamp:2 |       0 |   10777 |   0.0 |       0 |      26 |   0.0 |   888
       Swamp:3 |       0 |   12585 |   0.0 |       0 |      40 |   0.0 |   871
       Swamp:4 |       0 |   35564 |   0.0 |       0 |      70 |   0.0 |  1075
      Spider:1 |       0 |   15064 |   0.0 |       0 |      41 |   0.0 |  1221
      Spider:2 |       0 |   16564 |   0.0 |       0 |      34 |   0.0 |   765
      Spider:3 |       0 |   19080 |   0.0 |       0 |      33 |   0.0 |  1880
      Spider:4 |       0 |   38653 |   0.0 |       0 |      65 |   0.0 |  1361
         Orc:1 |       0 |    6194 |   0.0 |       0 |      36 |   0.0 |   508
         Orc:2 |       0 |    7590 |   0.0 |       0 |      71 |   0.0 |  1311
      Vaults:1 |       0 |   14970 |   0.0 |       0 |      21 |   0.0 |   169
       Abyss:2 |     406 |    7289 |   5.3 |       3 |       8 |  27.3 |   190
         IceCv |       0 |    1355 |   0.0 |       0 |       9 |   0.0 |   253
       Volcano |       0 |    3530 |   0.0 |       0 |       8 |   0.0 |   200
               +---------+---------+-------+---------+---------+-------+---------
